 Dungeon Crawl Stone Soup version 0.29-a0-284-gf9362112df (webtiles) character file.

Game seed: 9372809421521725891

658 spaghetti the Shield-Bearer (level 7, -13/60 HPs)
             Began as a Gnoll Fighter on Mar 25, 2022.
             Mangled by a two-headed ogre
             ... wielding a +0 giant spiked club
              (24 damage)
             ... on level 5 of the Dungeon.
             The game lasted 00:05:19 (4637 turns).

spaghetti the Shield-Bearer (Gnoll Fighter)         Turns: 4637, Time: 00:05:20

Health: -13/60     AC: 11    Str: 17    XL:     7   Next: 55%
Magic:  10/10      EV: 10    Int:  7    God:
Gold:   156        SH:  0    Dex: 12    Spells: 11/11 levels left

rFire   . . .      SeeInvis .   i - +0 whip (venom) {mace}
rCold   . . .      Faith    .   c - +0 buckler
rNeg    . . .      Spirit   .   b - +0 scale mail
rPois   .          Reflect  .   l - +2 helmet
rElec   .          Harm     .   (no cloak)
rCorr   .          Rampage  .   (no gloves)
Will    .....                   (no boots)
Stlth   ..........              (no amulet)
HPRegen 0.20/turn               (no ring)
MPRegen 0.12/turn               (no ring)

@: confused, ambrosia-drunk, unable to read
A: fangs 1, strong nose, distributed training, talons 1, inability to read while
threatened, devolution 1
a: no special abilities


You were on level 5 of the Dungeon.
You visited 1 branch of the dungeon, and saw 5 of its levels.

You collected 156 gold pieces.


Innate Abilities, Weirdness & Mutations

You have very sharp teeth.
Your uncanny sense of smell can sniff out nearby items.
Your experience applies equally to all skills.
You have sharp toenails.
You sometimes lose the ability to read scrolls when taking damage.
You have hidden genetic defects.


   Skills:
 + Level 7.1 Fighting
 + Level 2.5 Short Blades
 + Level 2.5 Long Blades
 + Level 5.3 Axes
 + Level 2.5 Maces & Flails
 + Level 2.5 Polearms
 + Level 2.5 Staves
 + Level 2.5 Slings
 + Level 2.5 Bows
 + Level 2.5 Crossbows
 + Level 2.5 Throwing
 + Level 7.1 Armour
 + Level 2.5 Dodging
 + Level 2.5 Stealth
 + Level 7.1 Shields
 + Level 2.5 Unarmed Combat
 + Level 2.5 Spellcasting
 + Level 2.1 Conjurations
 + Level 2.1 Hexes
 + Level 2.1 Summonings
 + Level 2.1 Necromancy
 + Level 2.1 Translocations
 + Level 2.1 Transmutations
 + Level 2.1 Fire Magic
 + Level 2.1 Ice Magic
 + Level 2.1 Air Magic
 + Level 2.1 Earth Magic
 + Level 2.1 Poison Magic
 + Level 2.8 Invocations
 + Level 2.5 Evocations


You had 11 spell levels left.
You didn't know any spells.
Your spell library contained the following spells:

 Spells                   Type           Power      Damage    Failure   Level
 Ensorcelled Hibernation  Hex/Ice        6%         N/A       63%         2
 Passwall                 Tmut/Erth      2%         N/A       63%         2
 Swiftness                Air            3%         N/A       86%         3

Inventory:

Hand Weapons
 a - a +0 war axe {axe}
 e - a +2 dagger of speed {short}
   (You took it off a goblin on level 1 of the Dungeon)
 g - a +0 whip of freezing {mace}
   (You took it off a gnoll shaman on level 4 of the Dungeon)
 i - a +0 whip of venom (weapon) {mace}
   (You took it off a kobold on level 1 of the Dungeon)
Missiles
 j - 73 stones (quivered) {throwing}
 p - 5 boomerangs of dispersal {=f!fthrowing}
 s - a throwing net {=f!fthrowing}
Armour
 b - a +0 scale mail (worn)
 c - a +0 buckler (worn)
 l - a +2 helmet (worn)
   (You found it on level 3 of the Dungeon)
Wands
 k - a wand of polymorph (6)
   (You found it on level 2 of the Dungeon)
 r - a wand of flame (19)
   (You found it on level 4 of the Dungeon)
Scrolls
 f - 3 scrolls of teleportation {@r4}
 h - 2 scrolls of amnesia
Potions
 d - a potion of might
 m - a potion of flight
 q - 2 potions of brilliance {unknown}

Dungeon Overview and Level Annotations

Branches:
Dungeon (5/15)
 Temple: D:4-7

Altars:
Dithmenos
Makhleb

Annotations:
D:4 1 runed translucent door, enile's ghost, amateur MiMo
D:5 Grinder

##.... ......## #
#.....## ....... .#
.#......##......##.##
......§§§.. ...#...#
._..≈≈≈≈§.####.....#
......§§...........
#........#...#.##
##..#.........<.#..##
.......@O...........#
#......#............#...
#......#........[.......
......###......?..)...#.
...... ##............#
#(.... #............#
..... #..............#
..... .............#..
...........##..


You could see a two-headed ogre (poisoned).


Message History

Okay, then.
You start resting.
You are no longer glowing. 😎 HP[+34]
Your hp is fully restored (60).
Okay, then.
g - a +0 whip of freezing {mace} Unknown command.
There is a stone staircase leading down, spattered with blood here.
You climb downwards.
There is a stone staircase leading up, spattered with blood here.
A gnoll is nearby!
The gnoll hits you but does no damage. You block the gnoll's attack.
You hit the gnoll. You claw the gnoll, but do no damage.
The gnoll barely misses you.
You closely miss the gnoll.
The gnoll hits you with a +1 vorpal halberd.
A two-headed ogre comes into view.
It is wielding a +0 giant spiked club and a +0 giant club. 😕 HP[-7]
You take 7 damage, and now have 53/60 hp.
The two-headed ogre shouts in stereo!
You hit the gnoll but do no damage.
The gnoll is poisoned.
Your kick misses the gnoll. The gnoll barely misses you. 😕 HP[+1]
You barely miss the gnoll. You claw the gnoll.
You bite the gnoll, but do no damage.
The gnoll hits you with a +1 vorpal halberd. 😕 HP[-4]
You take 4 damage, and now have 50/60 hp.
You are too injured to fight recklessly!
You are too injured to fight recklessly!
You are too injured to fight recklessly!
You are too injured to fight recklessly!
You hit the gnoll. You claw the gnoll. Your bite misses the gnoll.
The gnoll hits you but does no damage.
You barely miss the gnoll. You claw the gnoll.
You kill the gnoll!
Press: ? - help, v - describe, . - travel, g - get item Item here: a +1 vorpal halberd.
The floor.
Really fire
s - 2 throwing nets {=f!fthrowing}?
A two-headed ogre is nearby!
Throw: 2 throwing nets {=f!fthrowing}
Press: ? - help, Shift-Dir - straight line, f - two-headed ogre
Aim: a two-headed ogre, wielding a +0 giant spiked club and a +0 giant club (76% to hit)
You throw a throwing net {=f!fthrowing}.
The throwing net {=f!fthrowing} barely misses the two-headed ogre.
You barely miss the two-headed ogre. You claw the two-headed ogre.
The two-headed ogre hits you with a +0 giant spiked club!
You feel threatened and lose the ability to read scrolls!
The two-headed ogre closely misses you. 😮 HP[-7]
You take 7 damage, and now have 43/60 hp.
You barely miss the two-headed ogre. You claw the two-headed ogre.
Unknown command.
You hit the two-headed ogre.
The two-headed ogre is poisoned.
You claw the two-headed ogre, but do no damage.
You bite the two-headed ogre.
The two-headed ogre hits you with a +0 giant spiked club!
The two-headed ogre hits you with a +0 giant club!!
* * * LOW HITPOINT WARNING * * *
😱 HP[-35]
You take 35 damage, and now have 8/60 hp.
MASSIVE DAMAGE!! (PAUSE)
Okay, then.
There is a stone staircase leading up, spattered with blood here. 😱 HP[+1]
The two-headed ogre attacks as you move away!
You block the two-headed ogre's attack.
The two-headed ogre hits you with a +0 giant club!
* * * LOW HITPOINT WARNING * * *
😱 HP[-7]
You take 7 damage, and now have 2/60 hp.
Unknown command.
You cannot read scrolls in your current state!
Unknown command.
Okay, then.
Okay, then.
You cannot read scrolls in your current state!
Okay, then.
You cannot read scrolls in your current state!
Unknown command. 😱 HP[+1] Grinder comes into view.
Found 25 stones.
Found a shadowy altar of Dithmenos.
Grinder shouts!
Grinder blinks!
Grinder moves out of view.
You cannot read scrolls in your current state!
It was a potion of ambrosia.
You are confused.
You feel invigorated. 😱 HP[+3]
You regained 3 hp, and now have 6/60 hp. 😱 HP[+5]
You regained 5 hp, and now have 11/60 hp.
Unknown command.
The two-headed ogre attacks as you move away!
The two-headed ogre hits you with a +0 giant spiked club!!
You die...

Skill      XL: |  1  2  3  4  5  6  7 |
---------------+----------------------+-----
Invocations    | 1 2 |  2.8
Short Blades   | 1 2 |  2.5
Long Blades    | 1 2 |  2.5
Maces & Flails | 1 2 |  2.5
Polearms       | 1 2 |  2.5
Staves         | 1 2 |  2.5
Slings         | 1 2 |  2.5
Bows           | 1 2 |  2.5
Crossbows      | 1 2 |  2.5
Throwing       | 1 2 |  2.5
Dodging        | 1 2 |  2.5
Stealth        | 1 2 |  2.5
Unarmed Combat | 1 2 |  2.5
Spellcasting   | 1 2 |  2.5
Evocations     | 1 2 |  2.5
Conjurations   | 1 2 |  2.1
Hexes          | 1 2 |  2.1
Summonings     | 1 2 |  2.1
Necromancy     | 1 2 |  2.1
Translocations | 1 2 |  2.1
Transmutations | 1 2 |  2.1
Fire Magic     | 1 2 |  2.1
Ice Magic      | 1 2 |  2.1
Air Magic      | 1 2 |  2.1
Earth Magic    | 1 2 |  2.1
Poison Magic   | 1 2 |  2.1
Axes           | 5 |  5.3
Fighting       | 7 |  7.1
Armour         | 7 |  7.1
Shields        | 7 |  7.1

Action                   |  1- 3 |  4- 6 |  7- 9 || total
-------------------------+-------+-------+-------++-------
Melee: War axe           |    35 |       |       ||    35
       Whip              |    88 |   167 |    48 ||   303
       Bite              |     9 |    16 |     6 ||    31
       Kick              |       |       |    16 ||    16
Throw: Throwing net      |       |       |     1 ||     1
  Use: Potion            |       |     2 |     3 ||     5
       Scroll            |       |       |     5 ||     5
Armor: Scale mail        |    52 |    88 |    40 ||   180
Dodge: Dodged            |    37 |    55 |    29 ||   121
Block: Buckler           |    37 |    54 |    22 ||   113

Levels and vault maps discovered:
D:1:      minmay_arrival_doors, layout_loops_ring, minmay_tromino_v4_c
D:2:      layout_basic, ebering_ecumenical_altar_rust, basic_altar,
          kennysheep_generic_room_14
D:3:      minmay_roachtagon, layout_loops_ring, serial_forest,
          infiniplex_forest_lined_2, infiniplex_forest_corner_1,
          infiniplex_forest_pool, infiniplex_forest_fountain,
          infiniplex_forest_lined_3, infiniplex_forest_clump_small
D:4:      layout_gridville, hellmonk_ghost_happy_afterlife, item_on_display_a
D:5:      layout_cave_pools, mainiacjoe_overflow_boulevard, uniq_grinder,
          uniq_ijyb

Notes
Turn   | Place    | Note
-------+----------+-------------------------------------------
     0 | D:1      | spaghetti the Gnoll Fighter began the quest for the Orb.
     0 | D:1      | Reached XP level 1. HP: 23/23 MP: 1/1
     0 | D:1      | magus.rc [v1.9.6]
    72 | D:1      | Reached XP level 2. HP: 29/29 MP: 2/2
    86 | D:1      | You pick up a book of Burglary and begin reading...
    86 | D:1      | You add the spells Passwall, Ensorcelled Hibernation and
                  | Swiftness to your library.
   517 | D:1      | Reached XP level 3. HP: 33/35 MP: 3/3
   863 | D:2      | Found a burning altar of Makhleb.
  1089 | D:2      | Reached skill level 1 in Invocations
  1701 | D:2      | Reached skill level 1 in Short Blades
  1701 | D:2      | Reached skill level 1 in Long Blades
  1701 | D:2      | Reached skill level 1 in Maces & Flails
  1701 | D:2      | Reached skill level 1 in Polearms
  1701 | D:2      | Reached skill level 1 in Staves
  1701 | D:2      | Reached skill level 1 in Slings
  1701 | D:2      | Reached skill level 1 in Bows
  1701 | D:2      | Reached skill level 1 in Crossbows
  1701 | D:2      | Reached skill level 1 in Throwing
  1701 | D:2      | Reached skill level 1 in Dodging
  1701 | D:2      | Reached skill level 1 in Stealth
  1701 | D:2      | Reached skill level 1 in Unarmed Combat
  1701 | D:2      | Reached skill level 1 in Spellcasting
  1701 | D:2      | Reached skill level 1 in Evocations
  1813 | D:2      | You fall into a shaft and drop 1 floor!
  1883 | D:3      | Reached XP level 4. HP: 41/41 MP: 5/5
  2007 | D:3      | Reached skill level 1 in Conjurations
  2007 | D:3      | Reached skill level 1 in Hexes
  2007 | D:3      | Reached skill level 1 in Summonings
  2007 | D:3      | Reached skill level 1 in Necromancy
  2007 | D:3      | Reached skill level 1 in Translocations
  2007 | D:3      | Reached skill level 1 in Transmutations
  2007 | D:3      | Reached skill level 1 in Fire Magic
  2007 | D:3      | Reached skill level 1 in Ice Magic
  2007 | D:3      | Reached skill level 1 in Air Magic
  2007 | D:3      | Reached skill level 1 in Earth Magic
  2007 | D:3      | Reached skill level 1 in Poison Magic
  2355 | D:3      | Reached XP level 5. HP: 41/47 MP: 6/6
  2865 | D:4      | Noticed an ice beast
  2899 | D:4      | Killed an ice beast
  3184 | D:4      | Reached XP level 6. HP: 53/53 MP: 8/8
  3279 | D:4      | Reached skill level 2 in Invocations
  3521 | D:4      | Found a runed translucent door.
  3536 | D:4      | Noticed enile's ghost (amateur MiMo)
  3554 | D:4      | Reached skill level 2 in Short Blades
  3554 | D:4      | Reached skill level 2 in Long Blades
  3554 | D:4      | Reached skill level 5 in Axes
  3554 | D:4      | Reached skill level 2 in Maces & Flails
  3554 | D:4      | Reached skill level 2 in Polearms
  3554 | D:4      | Reached skill level 2 in Staves
  3554 | D:4      | Reached skill level 2 in Slings
  3554 | D:4      | Reached skill level 2 in Bows
  3554 | D:4      | Reached skill level 2 in Crossbows
  3554 | D:4      | Reached skill level 2 in Throwing
  3554 | D:4      | Reached skill level 2 in Dodging
  3554 | D:4      | Reached skill level 2 in Stealth
  3554 | D:4      | Reached skill level 2 in Unarmed Combat
  3554 | D:4      | Reached skill level 2 in Spellcasting
  3554 | D:4      | Reached skill level 2 in Evocations
  3881 | D:4      | Reached XP level 7. HP: 59/59 MP: 10/10
  4017 | D:4      | Gained mutation: You are weak. (Str -2) [potion of
                  | mutation]
  4017 | D:4      | Gained mutation: Your spells are a little easier to cast,
                  | but a little less powerful. [potion of mutation]
  4018 | D:4      | Lost mutation: Your spells are a little easier to cast, but
                  | a little less powerful. [potion of mutation]
  4018 | D:4      | Lost mutation: You are weak. (Str -2) [potion of mutation]
  4018 | D:4      | Gained mutation: You have hidden genetic defects. [potion
                  | of mutation]
  4018 | D:4      | Gained mutation: You have sharp toenails. [potion of
                  | mutation]
  4219 | D:5      | Entered Level 5 of the Dungeon
  4236 | D:4      | Reached skill level 7 in Fighting
  4236 | D:4      | Reached skill level 7 in Armour
  4236 | D:4      | Reached skill level 7 in Shields
  4251 | D:4      | Reached skill level 2 in Conjurations
  4251 | D:4      | Reached skill level 2 in Hexes
  4251 | D:4      | Reached skill level 2 in Summonings
  4251 | D:4      | Reached skill level 2 in Necromancy
  4251 | D:4      | Reached skill level 2 in Translocations
  4251 | D:4      | Reached skill level 2 in Transmutations
  4251 | D:4      | Reached skill level 2 in Fire Magic
  4251 | D:4      | Reached skill level 2 in Ice Magic
  4251 | D:4      | Reached skill level 2 in Air Magic
  4251 | D:4      | Reached skill level 2 in Earth Magic
  4251 | D:4      | Reached skill level 2 in Poison Magic
  4260 | D:4      | Gained mutation: You sometimes lose the ability to read
                  | scrolls when taking damage. [hidden defects]
  4617 | D:5      | Noticed a two-headed ogre
  4625 | D:5      | HP: 8/60 [two-headed ogre/+0 giant spiked club (24)]
  4632 | D:5      | HP: 2/60 [two-headed ogre/+0 giant spiked club (7)]
  4634 | D:5      | Found a shadowy altar of Dithmenos.
  4634 | D:5      | Noticed Grinder
  4637 | D:5      | Mangled by a two-headed ogre

Vanquished Creatures
  An ice beast (D:4)
  A sky beast (D:4)
  2 ogres (D:4)
  A scorpion (D:4)
  A gnoll shaman (D:4)
  3 orc wizards
  3 gnolls
  2 worms (D:2)
  2 dart slugs
  9 orcs
  4 ball pythons
  8 bats
  8 endoplasms
  15 giant cockroaches
  7 goblins
  9 hobgoblins
  9 kobolds
  3 quokkas
  4 frilled lizards (D:1)
  6 rats
98 creatures vanquished.

Table legend:
 A = Non-vault XP
 B = Vault XP
 C = Vault XP percentage of total XP
 D = Non-vault monster count
 E = Vault monster count
 F = Vault count percentage of total count
                 A         B        C        D         E       F
            +---------+---------+-------+---------+---------+-------
      Total |     915 |      25 |   2.7 |      85 |      13 |  13.3
            +---------+---------+-------+---------+---------+-------
        D:1 |      36 |       1 |   2.7 |      22 |       1 |   4.3
        D:2 |      34 |       2 |   5.6 |      16 |       1 |   5.9
        D:3 |      83 |      22 |  21.0 |      24 |      11 |  31.4
        D:4 |     712 |       0 |   0.0 |      21 |       0 |   0.0
        D:5 |      50 |       0 |   0.0 |       2 |       0 |   0.0
            +---------+---------+-------+---------+---------+-------

Illustrated notes

Table legend:
 A = Kills in this place as a percentage of kills in entire the game.
 B = Kills by you in this place as a percentage of kills by you in the entire game.
 C = Kills by friends in this place as a percentage of kills by friends in the entire game.
 D = Other kills in this place as a percentage of other kills in the entire game.
 E = Experience gained in this place as a percentage of experience gained in the entire game.
 F = Experience gained in this place divided by the number of levels of this place that you have seen.
                   A       B       C       D       E      F
               +-------+-------+-------+-------+-------+----------------------
         Total | 100.0 | 100.0 |   N/A |   N/A | 100.0 | 188.0
       Dungeon | 100.0 | 100.0 |   N/A |   N/A | 100.0 | 188.0
               +-------+-------+-------+-------+-------+----------------------

Table legend: (Time is in decaauts)
 A = Elapsed time spent in this place.
 B = Non-inter-level travel time spent in this place.
 C = Inter-level travel time spent in this place.
 D = Time resting spent in this place.
 E = Time spent auto-exploring this place.
 F = Levels seen in this place.
 G = Mean time per level.
                   A        B        C        D        E       F      G
               +--------+--------+--------+--------+--------+-----+--------+
         Total |   4673 |   4557 |    116 |    766 |   3119 |   5 |  934.6 |
       Dungeon |   4673 |   4557 |    116 |    766 |   3119 |   5 |  934.6 |
               +--------+--------+--------+--------+--------+-----+--------+

Top non-repeatable levels by time:
     D:4: 1764 daAuts
     D:3: 1035 daAuts
     D:2: 969 daAuts
     D:1: 862 daAuts
     D:5: 42 daAuts
